 Dungeon Crawl Stone Soup version 0.28-b1-25-g9875b3fc8c (webtiles) character file.

Game seed: 10773567543634151651

46 sanka the Ducker (level 3, 0/21 HPs)
             Began as a Tengu Enchanter on Feb 5, 2022.
             Slain by an orc (4 damage)
             ... on level 1 of the Dungeon.
             The game lasted 00:01:27 (1503 turns).

sanka the Ducker (Tengu Enchanter)                  Turns: 1503, Time: 00:01:28

Health: 0/21       AC:  2    Str:  8    XL:     3   Next: 66%
Magic:  7/7        EV: 13    Int: 17    God:
Gold:   91         SH:  0    Dex: 14    Spells: 6/6 levels left

rFire   . . .      SeeInvis .   a - +1 dagger
rCold   . . .      Faith    .   (no shield)
rNeg    . . .      Spirit   .   b - +0 robe
rPois   .          Reflect  .   (helmet restricted)
rElec   .          Harm     .   (no cloak)
rCorr   .          Rampage  .   (no gloves)
Will    .....                   (boots unavailable)
Stlth   ++........              (no amulet)
HPRegen 0.07/turn               e - +4 ring of slaying
MPRegen 0.10/turn               (no ring)

@: no status effects
A: beak, talons 3
a: no special abilities


You were on level 1 of the Dungeon.
You visited 1 branch of the dungeon, and saw 2 of its levels.

You collected 91 gold pieces.

Inventory:

Hand Weapons
 a - a +1 dagger (weapon)
 d - a +0 quarterstaff
Missiles
 g - a throwing net (quivered)
Armour
 b - a +0 robe (worn)
Jewellery
 e - a +4 ring of slaying (left hand)
 k - a +6 ring of intelligence
Scrolls
 f - a scroll of identify {unknown}
 i - a scroll of teleportation {unknown}
 j - a scroll of noise {unknown}
 l - a scroll of blinking {unknown}
Potions
 c - a potion of invisibility
 h - 2 potions of mutation {unknown}


   Skills:
 + Level 2.1 Fighting
 - Level 1.1 Short Blades
 + Level 3.4 Dodging
 - Level 3.0 Stealth
 - Level 2.0 Spellcasting
 - Level 2.1 Hexes


You had 6 spell levels left.
You didn't know any spells.
Your spell library contained the following spells:

 Spells                   Type           Power      Damage    Failure   Level
 Ensorcelled Hibernation  Hex/Ice        10%        N/A       19%         2
 Confusing Touch          Hex            9%         N/A       24%         3
 Tukima's Dance           Hex            9%         N/A       24%         3
 Dazzling Flash           Conj/Hex       10%        N/A       36%         3


Dungeon Overview and Level Annotations

Branches:
Dungeon (2/15)

Altars:

Annotations:
D:2 1 runed translucent door, Crazy Yiuf, Robin


Innate Abilities, Weirdness & Mutations

You have a beak for a mouth.
You have claws for feet.


Message History

The goblin closely misses you.
You hit the goblin.
The goblin is heavily wounded.
The goblin closely misses you.
You barely miss the goblin. Your peck misses the goblin.
The goblin is heavily wounded.
The goblin misses you.
You barely miss the goblin. You peck the goblin.
You kill the goblin!
You start resting.
HP restored.
You climb downwards.
Level annotation: 1 runed translucent door, Crazy Yiuf, Robin The goblin shouts! x2
The hobgoblin closely misses you. Robin throws the goblin at you!
The orc hits you with a +0 dagger. The orc barely misses you.
The hobgoblin hits you but does no damage.
The goblin hits you with a +0 club. The orc hits you with a +0 dagger.
There is a stone staircase leading up here.
The orc hits you with a +0 short sword. The hobgoblin barely misses you.
Robin roars a battlecry!
The goblins go into a battle-frenzy!
The goblin hits you with a +0 club.
* * * LOW HITPOINT WARNING * * *
The orc hits you with a +0 dagger.
* * * LOW HITPOINT WARNING * * *
You climb upwards.
There is a stone staircase leading down here.
The orc closely misses you. The hobgoblin hits you.
* * * LOW HITPOINT WARNING * * *
The goblin no longer looks unusually strong.
The hobgoblin no longer looks unusually strong.
The orc barely misses you.
You hit the orc but do no damage. Your peck misses the orc.
The orc completely misses you. The orc barely misses you.
The orc hits you with a +0 short sword.
* * * LOW HITPOINT WARNING * * *
The orc hits you with a +0 short sword.
You die...

##......# #.###..# #.# #..####
########### #.###.....#####
#.........# #.............#
#......##.# #..#g.....###.#
#.####.##.# #.......### #.# #.#
##.##.###.o#g..## #.# #.#
#.........@....# #.# #
#.###..##.#######.## ###.#####
###......##.# #.# #.....##.
..#.........# ##+## #.....#.#
#.#####.##### ##...## #......##
#.# #....# ##....(###.....#.# #.#
###..# ##.......##.....##.
#.######...####.........####...##
..............'.........+.......#


You could see an orc, a hobgoblin and a goblin.

Vanquished Creatures
  An orc wizard (D:1)
  A dart slug (D:2)
  2 bats
  An endoplasm (D:1)
  A hobgoblin (D:1)
  A quokka (D:2)
  2 ball pythons (D:1)
  A frilled lizard (D:1)
  5 goblins
  2 kobolds
  3 rats
20 creatures vanquished.

Notes
Turn   | Place    | Note
-------+----------+-------------------------------------------
     0 | D:1      | sanka the Tengu Enchanter began the quest for the Orb.
     0 | D:1      | Reached XP level 1. HP: 10/10 MP: 4/4
   619 | D:1      | Reached skill level 1 in Fighting
   619 | D:1      | Reached XP level 2. HP: 16/16 MP: 6/6
   902 | D:2      | Found a runed translucent door.
   903 | D:2      | Noticed Crazy Yiuf
   919 | D:2      | Noticed Robin
  1195 | D:1      | Reached XP level 3. HP: 4/21 MP: 7/7
  1503 | D:1      | Slain by an orc

Illustrated notes

Levels and vault maps discovered:
D:1:      saegor_arrival_simple_a, layout_loops_corners,
          minmay_misc_feat_enclosed
D:2:      layout_basic, basic_altar, dilly_ecumenical_altar_fadedgnrine,
          minmay_pentomino_z4, uniq_crazy_yiuf_cottage, uniq_robin

Skill      XL: |  1  2 |
---------------+-------+-----
Fighting       | 1 2 |  2.1
Dodging        | 3 |  3.4
Short Blades   | |  1.1
Stealth        | |  3.0
Spellcasting   | |  2.0
Hexes          | |  2.1

Action                   || total
-------------------------++-------
Melee: Dagger            ||    30
       Quarterstaff      ||     2
       Kick              ||     6
       Peck              ||     3
 Stab: Sleeping          ||     3
Armor: Robe              ||     6
Dodge: Dodged            ||    21
